 Dungeon Crawl Stone Soup version 0.30-a0-1082-g70414cbcbb (webtiles) character file.

Game seed: 12118183494027018701

17706 Arzdou the Severer (level 12, 0/106 HPs)
             Began as a Minotaur Berserker on Apr 15, 2023.
             Was an Elder of Trog.
             Slain by a two-headed ogre
             ... wielding a +0 giant spiked club
              (23 damage)
             ... on level 12 of the Dungeon.
             The game lasted 00:20:45 (13303 turns).

Arzdou the Severer (Minotaur Berserker)            Turns: 13303, Time: 00:20:46

Health: 0/106      AC: 19    Str: 31    XL:     12   Next: 21%
Magic:  11/11      EV:  6    Int:  4    God:    Trog [****..]
Gold:   2053       SH: 14    Dex: 12    Spells: 11/11 levels left

rFire   . . .      SeeInvis .    D - +0 war axe (heavy)
rCold   . . .      Faith    .    H - +0 tower shield
rNeg    . . .      Spirit   .    z - +1 plate armour
rPois   .          Reflect  .    E - +2 hat
rElec   .          Rampage  .    J - scarf {repulsion}
rCorr   .                        (no gloves)
Will    +++..                    B - +0 pair of boots Stlth
                                 (no amulet)
HPRegen 1.37/turn                F - ring of willpower
MPRegen 0.12/turn                o - +6 ring of strength

@: strong-willed, regenerating, repel missiles
A: horns 2, retaliatory headbutt
a: Renounce Religion, Berserk, Trog's Hand, Brothers in Arms


You were on level 12 of the Dungeon.
You worshipped Trog.
Trog was greatly pleased with you.
You visited 1 branch of the dungeon, and saw 12 of its levels.

You collected 2053 gold pieces.

Inventory:

Hand Weapons
 D - a +0 heavy war axe (weapon)
Missiles
 n - 133 stones (quivered)
Armour
 k - a +0 cloak
 u - a +0 buckler
 z - a +1 plate armour (worn)
 B - a +0 pair of boots (worn)
 E - a +2 hat (worn)
 H - a +0 tower shield (worn)
 J - a scarf of repulsion (worn)
Jewellery
 i - an amulet of magic regeneration
 o - a +6 ring of strength (right hand)
 q - a ring of fire
 A - a ring of see invisible
 F - a ring of willpower (left hand)
 I - an amulet of guardian spirit
Wands
 b - a wand of iceblast (1)
 f - a wand of mindburst (6)
 K - a wand of charming (7)
Scrolls
 a - a scroll of enchant weapon {unknown}
 c - 2 scrolls of identify
 s - a scroll of fog
 w - 5 scrolls of teleportation
 y - a scroll of blinking
 C - 3 scrolls of enchant armour
Potions
 d - a potion of flight
 e - 5 potions of heal wounds
 g - 6 potions of curing
 h - a potion of magic
 j - 3 potions of haste
 l - 7 potions of might
 m - 2 potions of brilliance
 p - 3 potions of lignification
 r - 2 potions of attraction
 t - 2 potions of invisibility
 v - a potion of cancellation {unknown}
 x - a potion of resistance
 G - 2 potions of berserk rage


   Skills:
 + Level 9.8 Fighting
 * Level 17.3 Axes
 + Level 1.7 Throwing
 + Level 11.3 Armour
 + Level 4.1 Dodging
 + Level 2.0 Stealth
 + Level 7.0 Shields


You had 11 spell levels left.
You didn't know any spells.
Your spell library was empty.

Dungeon Overview and Level Annotations

Branches:
Dungeon (12/15)            Temple (0/1) D:6            Lair (0/5) D:11
    Orc (0/2) D:11

Altars:
Gozag
Kikubaaqudgha
Okawaru
Vehumet
Xom
Yredelemnul
The Shining One

Annotations:
D:9 exclusion: ice statue


Innate Abilities, Weirdness & Mutations

You have a pair of horns on your head.
You reflexively headbutt those who attack you in melee.


Message History

The manticore is severely wounded.
You block the manticore's attack. x2
The manticore claws you but does no damage.
You slice the manticore!!
You kill the manticore!
Trog accepts your kill.
Your Shields skill increases to level 7!
There is an open door, spattered with blood here.
You see here a manticore corpse.
Found a leather armour.
A two-headed ogre comes into view.
It is wielding a +0 giant spiked club and a +0 giant club.
You block the two-headed ogre's attack. The two-headed ogre barely misses you.
You slash the two-headed ogre! You headbutt the two-headed ogre.
The two-headed ogre is moderately wounded.
The two-headed ogre hits you with a +0 giant spiked club!
The two-headed ogre hits you with a +0 giant club.
You barely miss the two-headed ogre.
The two-headed ogre is lightly wounded.
The two-headed ogre hits you with a +0 giant spiked club!
The two-headed ogre hits you with a +0 giant club!
You closely miss the two-headed ogre. You headbutt the two-headed ogre!
The two-headed ogre is heavily wounded.
The two-headed ogre hits you with a +0 giant spiked club!
The two-headed ogre hits you with a +0 giant club!
The two-headed ogre attacks as you move away!
The two-headed ogre hits you with a +0 giant spiked club!!
* * * LOW HITPOINT WARNING * * *
You block the two-headed ogre's attack.
There is an open door, spattered with blood here.
You see here a manticore corpse.
Your skin crawls.
You feel strong-willed.
The two-headed ogre attacks as you move away!
The two-headed ogre hits you with a +0 giant spiked club!
* * * LOW HITPOINT WARNING * * *
The two-headed ogre hits you with a +0 giant club.
* * * LOW HITPOINT WARNING * * *
The two-headed ogre attacks as you move away!
The two-headed ogre hits you with a +0 giant spiked club!!
You die...

#.......# ... #.......# #.#
###.......# #.# #.†.......# #.#
#.#.......# #.# ##
#.######.#######.# . #.#
#.........# #
#.###############################
...............O@................
#.###############################
#......# # ######.# # #.# #
######.# . .......# # ########


You could see a two-headed ogre.

Vanquished Creatures
  Gastronok (D:11)
  A boulder beetle (D:12)
  3 two-headed ogres
  3 death yaks (D:11)
  Amaemon (D:10)
  A deep elf pyromancer (D:12)
  2 cyclopes
  A manticore (D:12)
  Maurice (D:11)
  An orange demon (D:10)
  A gargoyle (D:12)
  An unseen horror zombie (D:9)
  An unseen horror (D:11)
  A komodo dragon (D:12)
  A kobold demonologist (D:12)
  Prince Ribbit (D:8)
  5 trolls
  A hornet (D:11)
  A vampire (D:12)
  Eustachio (D:5)
  Sigmund (D:3)
  15 yaks
  2 water moccasins
  4 orc warriors
  7 ice beasts
  2 black bears
  3 ogres
  2 centaurs
  A phantom (D:5)
  2 kobold brigands
  A necrophage (D:9)
  8 bullfrogs
  2 gnoll sergeants
  A scorpion (D:5)
  7 wights
  6 killer bees (D:6)
  A howler monkey (D:7)
  Crazy Yiuf (D:7)
  A human zombie (D:9)
  6 hounds
  2 jellies (D:5)
  5 orc priests
  Jessica (D:3)
  4 iguanas
  A sleepcap (D:7)
  5 orc wizards
  3 hell rats (D:11)
  2 mummies (D:9)
  A howler monkey zombie (D:9)
  3 adders
  12 gnolls
  2 river rats (D:11)
  A white imp (D:5)
  A worm (D:3)
  4 dart slugs
  47 orcs
  9 endoplasms
  6 giant cockroaches
  8 goblins
  9 hobgoblins
  2 jackals (D:1)
  2 quokkas
  3 ball pythons
  4 bats
  6 frilled lizards
  19 kobolds
  8 rats
272 creatures vanquished.

Vanquished Creatures (others)
  A plant (D:3)
1 creature vanquished.

Grand Total: 273 creatures vanquished

Notes
Turn   | Place    | Note
-------+----------+-------------------------------------------
     0 | D:1      | Arzdou the Minotaur Berserker began the quest for the Orb.
     0 | D:1      | Reached XP level 1. HP: 19/19 MP: 0/0
   107 | D:1      | Reached skill level 4 in Axes
   107 | D:1      | Reached XP level 2. HP: 25/27 MP: 1/1
   503 | D:1      | Reached XP level 3. HP: 27/33 MP: 2/2
   703 | D:2      | Found a shimmering altar of Xom.
  1155 | D:2      | Reached ** piety under Trog
  1497 | D:3      | Found a glowing golden altar of the Shining One.
  1532 | D:3      | Noticed Sigmund
  1554 | D:3      | Killed Sigmund
  1555 | D:3      | Reached skill level 6 in Axes
  1555 | D:3      | Reached XP level 4. HP: 32/41 MP: 3/3
  1555 | D:3      | Reached XP level 5. HP: 37/47 MP: 4/4
  1786 | D:3      | Noticed Jessica
  1792 | D:3      | Killed Jessica
  1846 | D:3      | Found a faded altar of an unknown god.
  2298 | D:3      | Reached XP level 6. HP: 53/53 MP: 5/5
  2464 | D:4      | Identified the +2 leather armour "Xitesel" {Contam rN+
                  | Dex+4}
  2611 | D:4      | Reached skill level 7 in Axes
  2641 | D:4      | Found a shimmering altar of Xom.
  2642 | D:4      | Found a shimmering altar of Xom.
  2644 | D:4      | Found a shimmering altar of Xom.
  2644 | D:4      | Found a shimmering altar of Xom.
  2645 | D:4      | Found a shimmering altar of Xom.
  2645 | D:4      | Found a shimmering altar of Xom.
  2668 | D:4      | Noticed a water moccasin
  2680 | D:4      | Killed a water moccasin
  2711 | D:4      | Reached skill level 5 in Fighting
  3044 | D:4      | Reached XP level 7. HP: 61/61 MP: 6/6
  3501 | D:5      | Entered Level 5 of the Dungeon
  3580 | D:5      | Reached skill level 8 in Axes
  3603 | D:5      | Reached *** piety under Trog
  3621 | D:5      | Reached skill level 5 in Armour
  3902 | D:5      | Reached skill level 9 in Axes
  4029 | D:5      | Reached XP level 8. HP: 68/68 MP: 7/7
  4204 | D:5      | Noticed Eustachio
  4219 | D:5      | Killed Eustachio
  4220 | D:5      | Reached skill level 10 in Axes
  4570 | D:5      | Found a basalt altar of Yredelemnul.
  4570 | D:5      | Found an iron altar of Okawaru.
  5011 | D:6      | Reached skill level 1 in Throwing
  5234 | D:6      | Found a staircase to the Ecumenical Temple.
  5428 | D:6      | Reached skill level 11 in Axes
  5903 | D:6      | Reached XP level 9. HP: 75/75 MP: 8/8
  6337 | D:7      | Reached skill level 12 in Axes
  6824 | D:7      | Reached skill level 13 in Axes
  6993 | D:7      | Noticed a troll
  7008 | D:7      | Killed a troll
  7498 | D:7      | Found a runed translucent door.
  7499 | D:7      | Noticed Crazy Yiuf
  7609 | D:7      | Killed Crazy Yiuf
  7656 | D:7      | Found an opulent altar of Gozag.
  7964 | D:8      | Noticed a cyclops
  7976 | D:8      | Killed a cyclops
  7977 | D:8      | Reached skill level 1 in Stealth
  8080 | D:8      | Reached skill level 14 in Axes
  8182 | D:8      | Found a radiant altar of Vehumet.
  8206 | D:8      | Reached XP level 10. HP: 65/84 MP: 9/9
  8374 | D:8      | Reached **** piety under Trog
  8506 | D:8      | Noticed Prince Ribbit
  8512 | D:8      | Killed Prince Ribbit
  8524 | D:8      | Noticed a two-headed ogre
  8530 | D:8      | Killed a two-headed ogre
  8531 | D:8      | Reached skill level 1 in Shields
  9374 | D:9      | Found an ancient bone altar of Kikubaaqudgha.
  9530 | D:9      | Reached ***** piety under Trog
  9531 | D:9      | Reached skill level 15 in Axes
  9573 | D:9      | Noticed a two-headed ogre
  9582 | D:9      | Killed a two-headed ogre
  9752 | D:9      | Noticed an ice statue
 10245 | D:10     | Entered Level 10 of the Dungeon
 10327 | D:10     | Noticed an orange demon
 10339 | D:10     | Killed an orange demon
 10340 | D:10     | Reached XP level 11. HP: 94/94 MP: 10/10
 10420 | D:10     | Identified a scroll of acquirement
 10420 | D:10     | Acquired 1067 gold pieces
 10584 | D:10     | Received a gift from Trog
 10589 | D:10     | Noticed Amaemon
 10604 | D:10     | Killed Amaemon
 10768 | D:10     | Noticed a two-headed ogre
 10776 | D:10     | Killed a two-headed ogre
 10777 | D:10     | Reached skill level 16 in Axes
 11515 | D:11     | Found a staircase to the Orcish Mines.
 11548 | D:11     | Reached skill level 5 in Shields
 11813 | D:11     | Noticed a death yak
 11813 | D:11     | Noticed Maurice
 11844 | D:11     | Killed Maurice
 12122 | D:11     | Noticed a death yak
 12149 | D:11     | Killed a death yak
 12150 | D:11     | Reached skill level 10 in Armour
 12154 | D:11     | Noticed a death yak
 12156 | D:11     | Killed a death yak
 12160 | D:11     | Killed a death yak
 12296 | D:11     | Found a staircase to the Lair.
 12430 | D:11     | Noticed Gastronok
 12452 | D:11     | Killed Gastronok
 12453 | D:11     | Reached skill level 17 in Axes
 12546 | D:11     | You fall into a shaft and drop 1 floor!
 12607 | D:12     | Noticed a deep elf pyromancer
 12615 | D:12     | Killed a deep elf pyromancer
 12616 | D:12     | Reached XP level 12. HP: 105/105 MP: 11/11
 12791 | D:12     | Noticed a boulder beetle
 12952 | D:12     | Killed a boulder beetle
 13256 | D:12     | Noticed a two-headed ogre
 13303 | D:12     | Slain by a two-headed ogre

Illustrated notes

Levels and vault maps discovered:
D:1:      dpeg_arrival_tiny_h, layout_basic
D:2:      layout_basic, basic_altar
D:3:      layout_basic, tso_oasis_becter, hellmonk_ecumenical_altar_arch_garden,
          dk_vineyard_2, minmay_misc_feat_five, uniq_sigmund, uniq_jessica
D:4:      layout_basic, xom_redecorated
D:5:      layout_basic, gammafunk_temple_overflow_wave, grunt_decor_fettered,
          uniq_eustachio
D:6:      layout_loops_ring, temple_fountains
D:7:      minmay_bubble_buster, layout_basic, kennysheep_mini,
          uniq_crazy_yiuf_cottage
D:8:      layout_loops_corners, nicolae_overflow_crystal_walls,
          uniq_prince_ribbit1
D:9:      layout_gridville, lemuel_mausoleum_altar_kikubaaqudgha, minivault_16
D:10:     layout_irregular_city, uniq_amaemon
D:11:     layout_basic, dpeg_lair_monsters, orc_0_dummy,
          minmay_misc_feat_encased, uniq_maurice, uniq_josephine,
          uniq_gastronok, uniq_sonja
D:12:     layout_basic

Skill      XL: |  1  2  3  4  5  6  7  8  9 10 11 12 |
---------------+-------------------------------------+-----
Axes           | 4 6 7 9 11 14 15 17 | 17.3
Fighting       | 4 5 6 8 9 |  9.8
Armour         | 3 4 5 6 7 9 10 11 | 11.3
Dodging        | 3 4 |  4.1
Throwing       | 1 |  1.7
Stealth        | 1 2 |  2.0
Shields        | 3 6 7 |  7.0

Action                     |  1- 3 |  4- 6 |  7- 9 | 10-12 || total
---------------------------+-------+-------+-------+-------++-------
  Melee: Hand axe          |    94 |   107 |    34 |       ||   235
         Headbutt          |    10 |    27 |    54 |    73 ||   164
         War axe           |       |       |   243 |   330 ||   573
         Punch             |       |       |     2 |       ||     2
  Throw: Stone             |     7 |       |     9 |       ||    16
 Invoke: Berserk           |     1 |     2 |     5 |    10 ||    18
         Trog's Hand       |       |       |     1 |     1 ||     2
    Use: Scroll            |       |       |    12 |    14 ||    26
         Potion            |       |       |     5 |       ||     5
 Armour: Animal skin       |     2 |       |       |       ||     2
         Ring mail         |    11 |       |       |       ||    11
         Scale mail        |    23 |    20 |       |       ||    43
         Plate armour      |       |    30 |   163 |   157 ||   350
  Dodge: Dodged            |    41 |    37 |   102 |    54 ||   234
  Block: Buckler           |       |       |     6 |     3 ||     9
         Tower shield      |       |       |       |   168 ||   168

Table legend: (Time is in decaauts)
 A = Elapsed time spent in this place.
 B = Non-inter-level travel time spent in this place.
 C = Inter-level travel time spent in this place.
 D = Time resting spent in this place.
 E = Time spent auto-exploring this place.
 F = Levels seen in this place.
 G = Mean time per level.
                   A        B        C        D        E       F      G
               +--------+--------+--------+--------+--------+-----+--------+
         Total |  13551 |  12954 |    597 |   1151 |   9622 |  12 | 1129.2 |
       Dungeon |  13551 |  12954 |    597 |   1151 |   9622 |  12 | 1129.2 |
               +--------+--------+--------+--------+--------+-----+--------+

Top non-repeatable levels by time:
     D:7: 1792 daAuts
     D:5: 1306 daAuts
    D:10: 1277 daAuts
     D:8: 1274 daAuts
     D:9: 1241 daAuts
     D:4: 1138 daAuts
    D:11: 1116 daAuts
     D:6: 1112 daAuts
     D:3: 1034 daAuts
     D:2: 856 daAuts
    D:12: 800 daAuts
     D:1: 600 daAuts
